 Dungeon Crawl Stone Soup version 0.16.1-11-g651b585 (webtiles) character file.

138 Psiweapon the Chopper (level 5, -4/45 HPs)
             Began as a Hill Orc Fighter on Apr 2, 2015.
             Slain by Blork the orc
             ... wielding a +0 battleaxe
              (11 damage)
             ... on level 4 of the Dungeon.
             The game lasted 00:05:41 (1255 turns).

Psiweapon the Chopper (Hill Orc Fighter)            Turns: 1255, Time: 00:05:41

Health: -4/45      AC:  8    Str: 25    XL:     5   Next: 21%
Magic:  5/5        EV:  7    Int:  8    God:
Gold:   63         SH: 10    Dex: 10    Spells: 0 memorised, 4 levels left

rFire  . . .     SeeInvis .     a - +0 war axe
rCold  . . .     Clarity  .     b - +0 scale mail
rNeg   . . .     SustAb   .     c - +0 shield
rPois  .         Gourm    .     (no helmet)
rElec  .         Spirit   .     (no cloak)
rCorr  .         Warding  .     l - +0 pair of gloves
rMut   .         Stasis   .     (no boots)
MR     .....                    (no amulet)
Stlth  ..........               (no ring)
                                (no ring)

@: mighty, not resistant to hostile enchantments, extremely unstealthy
A: no striking features
a: no special abilities


You were on level 4 of the Dungeon.
You were not hungry.

You visited 1 branch of the dungeon, and saw 4 of its levels.

You collected 63 gold pieces.

Inventory:

Hand weapons
 a - a +0 war axe (weapon)
Missiles
 g - 46 bolts
 i - 25 stones (quivered)
 m - 13 poisoned needles
Armour
 b - a +0 scale mail (worn)
 c - a +0 shield (worn)
 l - a +0 pair of gloves (worn)
 q - a +0 chain mail
Scrolls
 f - a scroll of enchant armour {unknown}
 h - 4 scrolls of identify {unknown}
 p - a scroll of remove curse {unknown}
Potions
 j - a potion of heal wounds {unknown}
 o - 2 potions of curing {unknown}
 r - a potion of haste {unknown}
Books
 n - a book of Enchantments

   Spells                             Type                      Level
   a - Tukima's Dance                 Hexes                        3
   b - Cause Fear                     Hexes                        4
   c - Silence                        Hexes/Air                    5
   d - Deflect Missiles               Charms/Air                   6
   e - Haste                          Charms                       6
   f - Discord                        Hexes                        8
Comestibles
 d - 3 meat rations
 k - 4 chunks of flesh


   Skills:
 - Level 3.6 Fighting
 + Level 5.5 Axes
 - Level 3.4 Armour
 + Level 4.6 Shields


You had 4 spell levels left.
You didn't know any spells.

Dungeon Overview and Level Annotations

Branches:
Dungeon (4/15)
 Temple: D:4-7

Altars:
Xom

Annotations:
D:2 Sigmund
D:3 Galdon's ghost, average KoAK
D:4 Blork the orc


Message History

The scorpion is almost dead.
You block the scorpion's attack.
You hit the scorpion.
You kill the scorpion!
You have reached level 5!
You feel stronger. Something hits you but does no damage.
You hit something. Something hits you!
You miss something.
You hear some strange, mumbled words.
The magic dart hits you!
* * * LOW HITPOINT WARNING * * *
You block its attack.
Drink which item? (? for menu, Esc to quit)
You feel very mighty all of a sudden. Something hits you but does no damage.
You miss something. You block its attack. Something hits you.
* * * LOW HITPOINT WARNING * * *
You closely miss something. Something hits you!
You die...

#..+..........
+..#..........
#..#...........
#.##...........
###.###'##+#####+#
+................#
#..<##..##.#####+#
###+###+##.#....(.#
+.......@†o'......#
###+##+#####......#
..... .... ... ≈


You could see an orc.

Vanquished Creatures
  A scorpion (D:4)
  4 adders
  A worm (D:3)
  2 giant geckos
  An ooze (D:2)
  2 giant cockroaches
  5 goblins
  5 hobgoblins
  3 jackals
  3 ball pythons
  3 bats
  3 giant newts
  8 kobolds
  6 rats
47 creatures vanquished.

Notes
Turn   | Place    | Note
--------------------------------------------------------------
     0 | D:1      | Psiweapon, the Hill Orc Fighter, began the quest for the Orb.
     0 | D:1      | Reached XP level 1. HP: 19/19 MP: 1/1
   113 | D:1      | Reached XP level 2. HP: 21/26 MP: 2/2
   632 | D:2      | Noticed Sigmund
   644 | D:1      | Reached skill level 4 in Axes
   749 | D:2      | Reached XP level 3. HP: 31/31 MP: 3/3
  1034 | D:3      | Reached XP level 4. HP: 31/39 MP: 4/4
  1053 | D:3      | Noticed Galdon's ghost (average KoAK)
  1153 | D:3      | Reached skill level 5 in Axes
  1178 | D:3      | Found a shimmering altar of Xom.
  1179 | D:3      | Found a shimmering altar of Xom.
  1179 | D:3      | Found a shimmering altar of Xom.
  1179 | D:3      | Found a shimmering altar of Xom.
  1237 | D:4      | Noticed Blork the orc
  1250 | D:4      | Reached XP level 5. HP: 33/45 MP: 5/5
  1255 | D:4      | Slain by Blork the orc

Action                   |  1- 3 |  4- 6 || total
-------------------------+-------+-------++-------
Melee: War axe           |   141 |    56 ||   197
  Use: Potion            |       |     1 ||     1
  Eat: Chunk             |     1 |     1 ||     2
